 Dungeon Crawl Stone Soup version 0.31-a0-180-g519b7de00c (webtiles) character file.

Game seed: 2237530139056134858

10063 funkygono the Cleaver (level 11, 0/97 HPs)
             Began as a Minotaur Fighter on May 30, 2023.
             Was a High Priest of Okawaru.
             Slain by a red ugly thing (18 damage)
             ... on level 14 of the Dungeon on June 19, 2023.
             The game lasted 00:18:30 (13749 turns).

funkygono the Cleaver (Minotaur Fighter)           Turns: 13749, Time: 00:18:32

Health: 0/97       AC: 18    Str: 24    XL:     11   Next: 31%
Magic:  10/10      EV:  7    Int:  5    God:    Okawaru [*****.]
Gold:   574        SH:  5    Dex: 11    Spells: 10/10 levels left

rFire   . . .        a - +0 war axe
rCold   . . .        c - +0 buckler
rNeg    . . .        A - +0 plate armour
rPois   .            (helmet restricted)
rElec   .            (no cloak)
rCorr   .            (no gloves)
SInv    .            G - +2 pair of boots
Will    .....        D - amulet of the acrobat Stlth
                     K - ring of flight
HPRegen 0.36/turn    (no ring)
MPRegen 0.12/turn

%: acrobat
@: flying
A: horns 2, retaliatory headbutt
a: Renounce Religion, Heroism, Finesse, Duel


You were on level 14 of the Dungeon.
You worshipped Okawaru.
Okawaru was extremely pleased with you.
You visited 2 branches of the dungeon, and saw 14 of its levels.

You collected 634 gold pieces.
You spent 60 gold pieces at shops.

Inventory:

Hand Weapons
 a - a +0 war axe (weapon)
Missiles
 d - 16 poisoned darts
 k - 113 stones (quivered)
 r - 5 boomerangs
Armour
 c - a +0 buckler (worn)
 A - a +0 plate armour (worn)
 G - a +2 pair of boots (worn)
Jewellery
 y - an amulet of magic regeneration
 D - an amulet of the acrobat (around neck)
 K - a ring of flight (left hand)
Wands
 p - a wand of quicksilver (5)
 B - a wand of flame (11)
 C - a wand of digging (11)
 F - a wand of polymorph (6)
 I - a wand of iceblast (7)
Scrolls
 f - 5 scrolls of teleportation
 h - 2 scrolls of brand weapon {unknown}
 i - 7 scrolls of vulnerability
 n - 2 scrolls of immolation {unknown}
 q - a scroll of fear {unknown}
 t - 4 scrolls of revelation {unknown}
 u - a scroll of blinking {unknown}
 v - 2 scrolls of fog {unknown}
 x - a scroll of noise {unknown}
 z - 3 scrolls of enchant weapon {unknown}
 J - a scroll of poison {unknown}
 L - a scroll of identify
Potions
 b - 2 potions of curing
 e - 2 potions of brilliance
 g - 5 potions of lignification
 j - a potion of haste {unknown}
 l - 2 potions of attraction
 m - 3 potions of degeneration {unknown}
 o - a potion of mutation {unknown}
 s - 3 potions of cancellation {unknown}
 w - 3 potions of berserk rage {unknown}
 E - 2 potions of invisibility {unknown}
 H - 2 potions of heal wounds


   Skills:
 + Level 9.2 Fighting
 + Level 14.0 Axes
 + Level 0.7 Throwing
 + Level 11.9 Armour
 + Level 1.5 Dodging
 + Level 0.8 Stealth
 + Level 8.0 Shields
 + Level 1.1 Invocations


You had 10 spell levels left.
You didn't know any spells.
Your spell library contained the following spells:

 Spells                   Type           Power      Damage    Failure   Level
 Sandblast                Erth           0%         2d4       99%         1
 Ensorcelled Hibernation  Hex/Ice        0%         N/A       100%        2
 Passwall                 Tmut/Erth      0%         N/A       100%        2
 Dazzling Flash           Conj/Hex       0%         N/A       100%        3
 Spider Form              Tmut/Pois      0%         N/A       100%        3
 Stone Arrow              Conj/Erth      0%         3d7       100%        3
 Volatile Blastmotes      Fire/Tloc      0%         2d10      100%        3
 Anguish                  Hex/Necr       0%         N/A       100%        4
 Iskenderun's Mystic Bla  Conj/Tloc      0%         2d3       100%        4
 Passage of Golubria      Tloc           0%         N/A       100%        4
 Yara's Violent Unravell  Hex/Tmut       0%         3d3       100%        5
 Starburst                Conj/Fire      0%         6d3       100%        6
 Tukima's Dance           Hex            Unusable   N/A       N/A         3

Dungeon Overview and Level Annotations

Branches:
Dungeon (12/15)            Temple (1/1) D:4            Lair (0/5) D:10
    Orc (0/2) D:11

Altars:
Ashenzari
Dithmenos
Elyvilon
Fedhas
Gozag
Hepliaklqana
Makhleb
Nemelex Xobeh
Okawaru
Qazlal
Ru
Sif Muna
Trog
Uskayaw
Vehumet
Wu Jian
Xom
Yredelemnul
Zin
The Shining One

Shops:
D:8 !

Annotations:
D:7 2 transporters


Innate Abilities, Weirdness & Mutations

You have a pair of horns on your head.
You reflexively headbutt those who attack you in melee.


Message History

The purple ugly thing pecks you but does no damage.
You closely miss the purple ugly thing.
The purple ugly thing is moderately wounded.
You hit the purple ugly thing. You headbutt the purple ugly thing!
The purple ugly thing is heavily wounded.
The purple ugly thing basks in the mutagenic energy from its kin and changes!
You closely miss the red ugly thing.
The red ugly thing is heavily wounded.
You slash the red ugly thing!
Your headbutt misses the red ugly thing.
The red ugly thing is severely wounded.
You slice the red ugly thing!!
The red ugly thing is almost dead.
The red ugly thing barely misses you. You furiously retaliate!
You headbutt the red ugly thing. You hit the red ugly thing.
You kill the red ugly thing!
Okawaru accepts your kill.
The red ugly thing basks in the mutagenic energy from its kin and changes!
Your base Axes skill increases to level 14!
You slice the red ugly thing!!
The red ugly thing is moderately wounded.
You feel like a meek peon again. You block the red ugly thing's attack.
You slash the red ugly thing!
The red ugly thing is heavily wounded.
You slash the red ugly thing!
The red ugly thing is severely wounded.
The red ugly thing gores you.
You are engulfed in flames!
You barely miss the red ugly thing.
The red ugly thing is severely wounded.
The red ugly thing gores you.
You are engulfed in flames!!
* * * LOW HITPOINT WARNING * * *
You slash the red ugly thing!
The red ugly thing is almost dead.
The red ugly thing basks in the mutagenic energy from its kin and changes!
The red ugly thing gores you.
* * * LOW HITPOINT WARNING * * *
You are engulfed in flames!!
You die...

#..................
#..................
#..................
#..................
##+######.#'#####.
#.#.# #.#.#
#.#.#####u#.##
#.#...@uuu....
#.#######u#.#. #.#
#.# #.#


You could see 5 ugly things.

Vanquished Creatures
  2 two-headed ogres
  A deep elf pyromancer (D:12)
  An ugly thing (D:14)
  A cyclops (D:14)
  2 unseen horrors (D:10)
  2 trolls
  Sigmund (D:6)
  2 wraiths
  6 yaks (D:8)
  5 wyverns
  Menkaure (D:7)
  2 wargs (D:10)
  Edmund (D:6)
  2 acid dragons
  2 orc warriors
  2 ice beasts
  A sky beast (D:6)
  A black bear (D:6)
  An ogre (D:7)
  2 centaurs (D:10)
  3 kobold brigands
  A bullfrog (D:8)
  6 scorpions
  8 wights (D:8)
  14 killer bees
  3 howler monkeys
  4 electric eels (D:8)
  3 hounds
  8 orc priests
  2 jellies
  3 gnoll boudas
  A sleepcap (D:7)
  6 iguanas
  9 orc wizards
  20 gnolls
  12 adders
  A white imp (D:8)
  2 worms
  5 dart slugs
  24 orcs
  8 endoplasms
  A giant cockroach (D:4)
  9 goblins
  7 hobgoblins
  3 jackals (D:2)
  4 quokkas
  7 ball pythons
  4 bats
  A frilled lizard (D:2)
  19 kobolds
  7 rats
243 creatures vanquished.

Vanquished Creatures (others)
  2 orcs (D:10)
2 creatures vanquished.

Grand Total: 245 creatures vanquished

Notes
Turn   | Place    | Note
-------+----------+-------------------------------------------
     0 | D:1      | funkygono the Minotaur Fighter began the quest for the Orb.
     0 | D:1      | Reached XP level 1. HP: 19/19 MP: 0/0
   103 | D:1      | Reached XP level 2. HP: 27/27 MP: 1/1
   358 | D:1      | Reached skill level 3 in Axes
   780 | D:2      | Reached XP level 3. HP: 26/33 MP: 2/2
  1709 | D:2      | Upgraded the game from 0.31-a0-117-g42d8f58691 to
                  | 0.31-a0-121-g1e386dd289
  1810 | D:3      | Reached XP level 4. HP: 40/40 MP: 3/3
  2106 | D:3      | Found an ornate altar of the Wu Jian Council.
  2276 | D:3      | Reached skill level 4 in Axes
  2633 | D:4      | Noticed a scorpion
  2641 | D:4      | Killed a scorpion
  2642 | D:4      | Reached XP level 5. HP: 46/46 MP: 4/4
  2825 | D:4      | Reached skill level 5 in Axes
  2863 | D:4      | Found a staircase to the Ecumenical Temple.
  2885 | Temple   | Entered the Ecumenical Temple
  2964 | Temple   | Became a worshipper of Warmaster Okawaru
  3065 | D:4      | Reached XP level 6. HP: 49/53 MP: 5/5
  3285 | D:4      | Reached skill level 1 in Dodging
  3288 | D:4      | Reached skill level 6 in Axes
  3421 | D:4      | Reached skill level 5 in Armour
  3805 | D:5      | Entered Level 5 of the Dungeon
  3977 | D:5      | Found a shimmering blue altar of Sif Muna.
  4217 | D:5      | Found a basalt altar of Yredelemnul.
  4231 | D:5      | Reached skill level 5 in Shields
  4231 | D:5      | Reached XP level 7. HP: 59/60 MP: 6/6
  5203 | D:6      | Reached skill level 5 in Fighting
  5425 | D:6      | Reached * piety under Okawaru
  5426 | D:6      | Reached skill level 7 in Axes
  5719 | D:6      | Found a radiant altar of Vehumet.
  5801 | D:6      | Found a shadowy altar of Dithmenos.
  5802 | D:6      | Found a blossoming altar of Fedhas.
  5802 | D:6      | Found a white marble altar of Elyvilon.
  5805 | D:6      | Found a burning altar of Makhleb.
  5886 | D:6      | Noticed Edmund
  5887 | D:6      | Noticed Sigmund
  5936 | D:6      | Killed Sigmund
  5937 | D:6      | Reached XP level 8. HP: 59/69 MP: 7/7
  5937 | D:6      | Killed Edmund
  6153 | D:7      | Reached skill level 8 in Axes
  6379 | D:7      | Reached ** piety under Okawaru
  6380 | D:7      | Reached skill level 9 in Axes
  6542 | D:7      | Found a stormy altar of Qazlal.
  6639 | D:7      | Reached XP level 9. HP: 68/75 MP: 8/8
  6781 | D:7      | Noticed Menkaure
  6782 | D:7      | Found a transporter.
  6789 | D:7      | Killed Menkaure
  6790 | D:7      | Reached skill level 10 in Axes
  6801 | D:7      | Noticed a boulder beetle
  6816 | D:7      | Noticed a manticore
  6939 | D:7      | Found a glowing golden altar of the Shining One.
  6940 | D:7      | Found the ring of Shadows {Umbra +Inv Stlth+}
  6949 | D:7      | Found a transporter.
  7251 | D:7      | Upgraded the game from 0.31-a0-121-g1e386dd289 to
                  | 0.31-a0-177-g4aa6249778
  7413 | D:8      | Reached skill level 11 in Axes
  7417 | D:8      | Reached *** piety under Okawaru
  7880 | D:8      | Reached XP level 10. HP: 84/86 MP: 9/9
  8732 | D:8      | Found Kaucsen's Distillery.
  8919 | D:8      | Bought a potion of heal wounds for 60 gold pieces
  9023 | D:8      | Reached skill level 10 in Armour
  9477 | D:9      | Noticed a two-headed ogre
  9491 | D:9      | Killed a two-headed ogre
  9491 | D:9      | Reached **** piety under Okawaru
  9492 | D:9      | Reached skill level 12 in Axes
 10386 | D:9      | Identified the +3 leather armour "Facwit" {rN+ Int+5}
 11005 | D:9      | Upgraded the game from 0.31-a0-177-g4aa6249778 to
                  | 0.31-a0-180-g519b7de00c
 11009 | D:10     | Entered Level 10 of the Dungeon
 11278 | D:10     | Reached skill level 13 in Axes
 11524 | D:10     | Found a staircase to the Lair.
 11809 | D:10     | Found a sacrificial altar of Ru.
 12792 | D:11     | Reached XP level 11. HP: 95/95 MP: 10/10
 12880 | D:11     | Noticed a two-headed ogre
 12896 | D:11     | Killed a two-headed ogre
 12897 | D:11     | Reached skill level 1 in Invocations
 12954 | D:11     | Found a staircase to the Orcish Mines.
 13560 | D:12     | Noticed a deep elf pyromancer
 13566 | D:12     | Killed a deep elf pyromancer
 13566 | D:12     | Reached ***** piety under Okawaru
 13622 | D:12     | You are sucked into a shaft and drop 2 floors!
 13728 | D:14     | Noticed a red ugly thing
 13728 | D:14     | Noticed a red ugly thing
 13728 | D:14     | Noticed a red ugly thing
 13730 | D:14     | Noticed a red ugly thing
 13730 | D:14     | Noticed a red ugly thing
 13731 | D:14     | Noticed a red ugly thing
 13744 | D:14     | Killed a red ugly thing
 13745 | D:14     | Reached skill level 14 in Axes
 13749 | D:14     | Slain by a red ugly thing

Illustrated notes

Levels and vault maps discovered:
D:1:      ldierk_walled_garden_2, layout_loops_ring
D:2:      minmay_evil_eye, layout_loops_corners
D:3:      layout_basic, pdpol_wu_jian_five_deadly_venoms, minmay_vboxes
D:4:      layout_basic, minmay_temple_entry_arrows, minmay_tree_intersection
D:5:      layout_layer_cave, mainiacjoe_overflow_alcove_1, kennysheep_mini_moat
D:6:      layout_gridville, minitemple, vehumet_altar_wand_db,
          nicolae_half_adder, uniq_sigmund, uniq_edmund
D:7:      layout_basic, grunt_qazlal_sundering, gammafunk_temple_overflow_arena,
          sigmund_army, uniq_menkaure
D:8:      layout_basic, nicolae_overflow_hidden_temple, serial_shops,
          nicolae_shop_waterfront, serial_bayou_lake_a
D:9:      layout_small_grid, enter_bailey_5, serial_rivers,
          chequers_serial_rivers_small_a, chequers_serial_rivers_large_b,
          chequers_serial_rivers_micro_a, chequers_serial_rivers_small_3,
          david_defended_altar_orc
D:10:     layout_loops_ring, nicolae_ru_path_of_blood,
          erik_lair_orcish_takeover, serial_glass, glass_columns_a,
          glass_columns_a, chequers_serial_rivers_large_a
D:11:     layout_loops_corners, orc_0_dummy
D:12:     layout_basic
D:14:     layout_basic, trog_three_pillars_becter, nicolae_trove_entry_diagonal,
          drop_trap
Temple:   hellmonk_temple_beads

Skill      XL: |  1  2  3  4  5  6  7  8  9 10 11 |
---------------+----------------------------------+-----
Shields        | 4 5 6 7 8 |  8.0
Axes           | 3 4 5 6 7 9 11 13 14 | 14.0
Armour         | 4 5 7 8 9 11 | 11.9
Fighting       | 4 5 6 7 8 9 |  9.2
Dodging        | 1 |  1.5
Invocations    | 1 |  1.1
Throwing       | |  0.7
Stealth        | |  0.8

Action                     |  1- 3 |  4- 6 |  7- 9 | 10-12 || total
---------------------------+-------+-------+-------+-------++-------
  Melee: War axe           |    95 |   113 |   249 |   323 ||   780
         Headbutt          |    13 |    12 |    54 |    53 ||   132
  Throw: Stone             |    10 |       |       |    15 ||    25
 Invoke: Heroism           |       |       |     5 |     4 ||     9
    Use: Potion            |       |       |     1 |     1 ||     2
         Scroll            |       |       |       |     6 ||     6
 Armour: Scale mail        |    24 |       |       |       ||    24
         Chain mail        |    24 |    63 |     6 |       ||    93
         Plate armour      |       |       |   110 |   156 ||   266
  Dodge: Dodged            |    33 |    42 |   104 |   118 ||   297
  Block: Buckler           |    15 |    22 |    66 |    74 ||   177

Table legend: (Time is in decaauts)
 A = Elapsed time spent in this place.
 B = Non-inter-level travel time spent in this place.
 C = Inter-level travel time spent in this place.
 D = Time resting spent in this place.
 E = Time spent auto-exploring this place.
 F = Levels seen in this place.
 G = Mean time per level.
                   A        B        C        D        E       F      G
               +--------+--------+--------+--------+--------+-----+--------+
         Total |  13861 |  13430 |    431 |    918 |  10295 |  14 |  990.1 |
       Dungeon |  13723 |  13306 |    417 |    918 |  10188 |  13 | 1055.6 |
        Temple |    137 |    124 |     13 |      0 |    107 |   1 |  137.0 |
               +--------+--------+--------+--------+--------+-----+--------+

Top non-repeatable levels by time:
     D:8: 2149 daAuts
     D:9: 1631 daAuts
    D:10: 1517 daAuts
     D:5: 1393 daAuts
     D:7: 1160 daAuts
     D:4: 1100 daAuts
     D:2: 1079 daAuts
     D:6: 939 daAuts
    D:11: 853 daAuts
     D:3: 818 daAuts
     D:1: 731 daAuts
    D:12: 229 daAuts
  Temple: 137 daAuts
    D:14: 121 daAuts
